AoeStats
← Lord Adotar

Arabia

505742111Analyzed
1v1 RM · 20d ago on Sep 10, 2026· 31m 34s· 2 players
Game mode
Random Map
Map size
Tiny (2 player)
Population
200
Speed
Normal
Resources
Standard
Victory
Conquest
Starting age
Dark Age
Ending age
Imperial Age
RankedLock teamsTeams togetherTeam positionsShared explorationLock speedFull tech treeHidden civsTurbo modeCheats
Victory
Defeat
🇫🇷 Teutons · France
945
+15
🇻🇪 Mongols · Venezuela
925
-15
Lord Adotar
3:34 Loom
10:04 Feudal Age
14:50 Double-Bit Axe
16:40 Horse Collar
20:27 Forging
23:52 Castle Age
23:16 Bloodlines
23:59 Light Cavalry
25:37 Iron Casting
Mirshal
4:38 Loom
11:39 Feudal Age
14:48 Double-Bit Axe
15:49 Scale Barding Armor
18:06 Forging
19:13 Wheelbarrow
21:10 Bloodlines
21:11 Scale Mail Armor
26:50 Castle Age
27:53 Chain Barding Armor
28:09 Iron Casting
27:30 Gold Mining
27:22 Horse Collar
27:52 Bow Saw
31:05 Hand Cart
Connection lost

Rejoining the realm…

Still unreachable

The connection could not be restored.

Session expired

The server has moved on; the page needs a fresh start.